 Dungeon Crawl Stone Soup version 0.32-a0-814-g0968bab981 (webtiles) character file.

Game seed: 7188466114941151563

690 senseless the Shooter (level 7, 0/41 HPs)
             Began as a Deep Elf Hunter on Mar 22, 2024.
             Was a Follower of Okawaru.
             Slain by a gnoll sergeant
             ... wielding a +0 spear
              (4 damage)
             ... on level 5 of the Dungeon.
             The game lasted 00:11:11 (3238 turns).

senseless the Shooter (Deep Elf Hunter)             Turns: 3238, Time: 00:11:12

Health: 0/41       AC: 13    Str:  8    XL:     7   Next: 36%
Magic:  0/9        EV: 13    Int: 14    God:    Okawaru [*.....]
Gold:   156        SH:  0    Dex: 20    Spells: 6/6 levels left

rFire   . . .        n - +4 dagger (protect)
rCold   . . .        (no shield)
rNeg    . . .        c - +0 leather armour
rPois   .            o - +0 helmet
rElec   .            (no cloak)
rCorr   .            (no gloves)
SInv    +            w - +1 pair of boots
Will    .....        k - amulet of guardian spirit
Stlth   +++          h - ring "Fackiom" {Fly SInv}
HPRegen 0.26/turn    (no ring)
MPRegen 0.11/turn

%: guardian spirit
@: under a protective aura, flying
A: no striking features
a: Renounce Religion, Heroism


You were on level 5 of the Dungeon.
You worshipped Okawaru.
Okawaru was aware of your devotion.
You visited 2 branches of the dungeon, and saw 6 of its levels.

You collected 234 gold pieces.
You spent 78 gold pieces at shops.

Inventory:

Hand Weapons
 a - a +0 shortbow
 f - a +1 dagger of holy wrath
 n - a +4 dagger of protection (weapon)
 t - a +2 sling of flaming
 u - a +2 dagger of electrocution
Missiles
 s - a throwing net
Armour
 c - a +0 leather armour (worn)
 o - a +0 helmet (worn)
 p - a +0 pair of boots
 w - a +1 pair of boots (worn)
Jewellery
 h - the ring "Fackiom" (left hand) {Fly SInv}
   (You acquired it on level 4 of the Dungeon)

   [ring of flight]

   SInv:      It lets you see invisible.
   Fly:       It grants you flight.
 k - an amulet of guardian spirit (around neck)
 y - a ring of fire
Wands
 m - a wand of flame (6)
 v - a wand of mindburst (15)
Scrolls
 b - a scroll of butterflies
 e - a scroll of immolation
 r - a scroll of fog
 z - a scroll of vulnerability
 B - 2 scrolls of teleportation
 F - a scroll of amnesia
 G - a scroll of enchant weapon
Potions
 d - 2 potions of degeneration {unknown}
 g - a potion of mutation {unknown}
 i - a potion of ambrosia {unknown}
 j - 3 potions of curing {unknown}
 q - a potion of cancellation {unknown}
 x - 3 potions of might {unknown}
 E - a potion of attraction {unknown}


   Skills:
 + Level 3.6 Fighting
 + Level 7.5 Ranged Weapons
 + Level 5.3 Dodging
 + Level 5.3 Stealth


You had 6 spell levels left.
You didn't know any spells.
Your spell library contained the following spells:

 Spells                   Type           Power      Damage    Failure   Level
 Apportation              Tloc           0%         N/A       38%         1
 Necrotise                Necr           0%         1d4       38%         1
 Sandblast                Erth           0%         2d4       38%         1
 Sting                    Conj/Alch      0%         1d3       38%         1
 Fugue of the Fallen      Necr           0%         N/A       77%         3
 Ozocubu's Armour         Ice            0%         N/A       77%         3
 Stone Arrow              Conj/Erth      0%         3d7       77%         3
 Brom's Barrelling Bould  Conj/Erth      0%         2d3       99%         4
 Manifold Assault         Tloc           0%         N/A       99%         4
 Summon Small Mammal      Summ           Unusable   N/A       N/A         1

Dungeon Overview and Level Annotations

Branches:
Dungeon (5/15)             Temple (1/1) D:4

Altars:
Ashenzari
Cheibriados
Okawaru
Qazlal
Ru
Sif Muna
Trog
Uskayaw
Vehumet
Wu Jian
Xom
Yredelemnul
Zin
The Shining One

Shops:
D:4 :*


Message History

The sling bullet burns the gnoll sergeant.
The gnoll sergeant is severely wounded.
The gnoll sergeant closely misses you.
You shoot a sling bullet.
The sling bullet hits the gnoll sergeant.
The sling bullet burns the gnoll sergeant.
The gnoll sergeant is severely wounded.
A gnoll comes into view. It is wielding a +0 club.
The gnoll sergeant hits you from afar with a +0 spear!
You are too injured to fight recklessly!
You are too injured to fight recklessly!
The gnoll sergeant barely misses you.
The gnoll sergeant attacks as it pursues you!
The gnoll sergeant hits you from afar with a +0 spear!
* * * LOW HITPOINT WARNING * * *
Your +2 sling of flaming stops flaming.
Your +4 dagger of protection hums with potential!
n - a +4 dagger of protection (weapon)
The gnoll sergeant closely misses you.
You hit the gnoll.
Your weapon exudes an aura of protection.
The gnoll is heavily wounded.
The gnoll sergeant hits you with a +0 spear!
* * * LOW HITPOINT WARNING * * *
The gnoll barely misses you.
You hit the gnoll.
The gnoll is almost dead.
The gnoll sergeant hits you with a +0 spear!
* * * LOW HITPOINT WARNING * * *
The gnoll hits you but does no damage.
You hit the gnoll sergeant.
The gnoll sergeant is almost dead.
The gnoll sergeant closely misses you. The gnoll hits you but does no damage.
You hit the gnoll sergeant but do no damage.
The gnoll sergeant is almost dead.
The gnoll sergeant barely misses you. The gnoll barely misses you.
You hit the gnoll sergeant but do no damage.
The gnoll sergeant is almost dead.
The gnoll sergeant hits you with a +0 spear.
You die...

##......# #.# #(#
###.....# #.####.#
........#####.##...## ..
###..).........ß...ß##.#
#.#...................
#..............>...#.#
##.........#.......# #
#....... ##..ß..## .
#+#### ##@g.## .# ##
###g### .+ .. #.gg..# .#
####'##....####.# .
......#.........#
.....)#....########
#..................
##.)....#.########.
##>......#


You could see a gnoll sergeant and 3 gnolls.

Vanquished Creatures
  Sigmund (D:3)
  A water moccasin (D:5)
  A scorpion (D:5)
  A howler monkey (D:5)
  2 iguanas
  Terence (D:3)
  Natasha (twice) (D:4)
  Robin (D:3)
  4 gnolls (D:5)
  8 adders
  A shadow imp (D:5)
  3 dart slugs
  3 orcs
  3 ball pythons
  7 bats
  4 endoplasms
  2 giant cockroaches (D:1)
  14 goblins
  6 hobgoblins
  3 quokkas
  2 frilled lizards
  7 kobolds
  4 rats (D:1)
81 creatures vanquished.

Notes
Turn   | Place    | Note
-------+----------+-------------------------------------------
     0 | D:1      | senseless the Deep Elf Hunter began the quest for the Orb.
     0 | D:1      | Reached XP level 1. HP: 12/12 MP: 3/3
   211 | D:1      | Reached XP level 2. HP: 17/17 MP: 4/4
   331 | D:1      | You fall into a shaft and drop 1 floor!
   498 | D:2      | Reached XP level 3. HP: 17/21 MP: 5/5
  1282 | D:3      | Noticed Terence
  1294 | D:3      | Killed Terence
  1295 | D:3      | Reached skill level 6 in Ranged Weapons
  1295 | D:3      | Reached XP level 4. HP: 20/26 MP: 3/6
  1394 | D:3      | Noticed Robin
  1409 | D:3      | Killed Robin
  1448 | D:3      | Reached XP level 5. HP: 11/31 MP: 1/7
  1619 | D:3      | Noticed Sigmund
  1626 | D:3      | Killed Sigmund
  1627 | D:3      | Reached XP level 6. HP: 37/37 MP: 8/8
  1817 | D:4      | Identified a scroll of acquirement
  1817 | D:4      | Acquired the ring "Fackiom" {Fly SInv}
  1927 | D:4      | Found Luny's Self-Published Books.
  2016 | D:4      | Found a bloodstained altar of Trog.
  2067 | D:4      | Found a staircase to the Ecumenical Temple.
  2078 | Temple   | Entered the Ecumenical Temple
  2091 | Temple   | Became a worshipper of Warmaster Okawaru
  2188 | D:4      | Noticed Natasha
  2189 | D:4      | Killed Natasha
  2347 | D:4      | Noticed Natasha
  2351 | D:4      | Killed Natasha
  2405 | D:4      | Found Heorph's Assorted Antiques.
  2410 | D:4      | Bought a scroll labelled WOMUAWK GICSU for 26 gold pieces
  2410 | D:4      | Bought a scroll labelled MODUIST DYSEU for 26 gold pieces
  2410 | D:4      | Bought a scroll labelled MUWAINIOLY for 26 gold pieces
  2488 | D:4      | Found Webuwe's Tremendous Tomes.
  2641 | D:5      | Entered Level 5 of the Dungeon
  2750 | D:5      | Reached skill level 7 in Ranged Weapons
  2884 | D:5      | Reached skill level 5 in Dodging
  2893 | D:5      | Noticed a water moccasin
  2904 | D:5      | Reached skill level 5 in Stealth
  2904 | D:5      | Reached XP level 7. HP: 40/41 MP: 7/9
  2916 | D:5      | Reached * piety under Okawaru
  2926 | D:5      | HP: 2/41 [poisoned by a water moccasin]
  3238 | D:5      | Slain by a gnoll sergeant

Illustrated notes

Levels and vault maps discovered:
D:1:      mrwooster_arrival_arrow, layout_loops_ring
D:2:      layout_rooms, minmay_misc_feat_room, chequers_serial_rivers_large_b,
          hangedman_decor_riveting
D:3:      layout_rooms, uniq_sigmund, uniq_terence, uniq_robin
D:4:      layout_gridville, mainiacjoe_overflow_brackets, temple_fountains,
          serial_shops, shop, st_stairs_6, nicolae_shop_i_like_big_books,
          grunt_ministairs_2, nicolae_custom_books, uniq_natasha
D:5:      layout_basic, grunt_ministairs_1, uniq_duvessa
Temple:   nicolae_temple_bog_church

Skill      XL: |  1  2  3  4  5  6 |
---------------+-------------------+-----
Stealth        | 2 3 4 5 |  5.3
Fighting       | 2 3 |  3.6
Dodging        | 3 4 5 |  5.3
Ranged Weapons | 6 7 |  7.5

Action                     |  1- 3 |  4- 6 |  7- 9 || total
---------------------------+-------+-------+-------++-------
  Melee: Dagger            |       |       |     5 ||     5
   Fire: Shortbow          |   116 |    73 |       ||   189
         Sling             |       |    69 |    25 ||    94
    Use: Scroll            |       |    13 |       ||    13
         Potion            |       |       |     3 ||     3
 Armour: Leather armour    |    26 |    33 |    17 ||    76
  Dodge: Dodged            |    44 |    32 |    19 ||    95

Table legend: (Time is in decaauts)
 A = Elapsed time spent in this place.
 B = Non-inter-level travel time spent in this place.
 C = Inter-level travel time spent in this place.
 D = Time resting spent in this place.
 E = Time spent auto-exploring this place.
 F = Levels seen in this place.
 G = Mean time per level.
                   A        B        C        D        E       F      G
               +--------+--------+--------+--------+--------+-----+--------+
         Total |   3307 |   3184 |    123 |    137 |   2441 |   6 |  551.2 |
       Dungeon |   3280 |   3181 |     99 |    137 |   2441 |   5 |  656.0 |
        Temple |     26 |      2 |     24 |      0 |      0 |   1 |   26.0 |
               +--------+--------+--------+--------+--------+-----+--------+

Top non-repeatable levels by time:
     D:4: 754 daAuts
     D:1: 671 daAuts
     D:2: 638 daAuts
     D:3: 613 daAuts
     D:5: 601 daAuts
  Temple: 26 daAuts
